 Dungeon Crawl Stone Soup version 0.28-a0-720-g7be2a05 (webtiles) character file.

Game seed: 8287489021434496495

2 NeededCrab the Ruffian (level 1, 0/19 HPs)
             Began as a Ghoul Monk on Oct 24, 2021.
             Slain by a gnoll (7 damage)
             ... on level 1 of the Dungeon.
             The game lasted 00:00:34 (165 turns).

NeededCrab the Ruffian (Ghoul Monk)                  Turns: 165, Time: 00:00:34

Health: 0/19       AC:  2    Str: 14    XL:     1   Next: 40%
Magic:  0/0        EV: 12    Int:  5    God:
Gold:   15         SH:  0    Dex: 11    Spells: 0/0 levels left

rFire   . . .      SeeInvis .     - Unarmed
rCold   + . .      Faith    .   (no shield)
rNeg    + + +      Spirit   .   a - +0 robe
rPois   ∞          Reflect  .   (no helmet)
rElec   .          Harm     .   (no cloak)
rCorr   .          Rampage  .   (no gloves)
Will    .....                   (no boots)
Stlth   ++........              (no amulet)
HPRegen 0.00/turn               (no ring)
MPRegen 0.07/turn               (no ring)

@: inhibited regen
A: claws 1, cold resistance 1, negative energy resistance 3, inhibited
regeneration, torment resistance 2
a: no special abilities


You were on level 1 of the Dungeon.
You visited 1 branch of the dungeon, and saw 1 of its levels.

You collected 15 gold pieces.

Inventory:

Armour
 a - a +0 robe (worn)
Scrolls
 b - a scroll of noise {unknown}


   Skills:
 + Level 3.3 Fighting
 + Level 0.1 Armour
 - Level 2.6 Dodging
 - Level 2.1 Stealth
 * Level 3.4 Unarmed Combat


You couldn't memorise any spells.
You didn't know any spells.
Your spell library contained the following spells:

 Spells                   Type           Power      Damage    Failure   Level
 Ozocubu's Armour         Ice            0%         N/A       85%         3
 Ozocubu's Refrigeration  Ice            0%         4d5       100%        7


Dungeon Overview and Level Annotations

Branches:
Dungeon (1/15)

Altars:


Innate Abilities, Weirdness & Mutations

You thrive by killing the living.
You are immune to poison.
You have sharp fingernails.
Your flesh is cold resistant. (rC+)
You are immune to negative energy. (rN+++)
You do not regenerate when monsters are visible.
You are immune to unholy pain and torment.


Message History

A goblin comes into view. It is wielding a +0 dagger.
The helpless goblin fails to defend itself.
You scratch the goblin.
The goblin is moderately wounded.
The goblin hits you with a +0 dagger.
You closely miss the goblin.
The goblin is moderately wounded.
The goblin barely misses you.
You closely miss the goblin.
The goblin is moderately wounded.
The goblin hits you but does no damage.
You scratch the goblin.
You kill the goblin!
You feel better.
No target in view!
No target in view!
A gnoll comes into view. It is wielding a +0 whip.
The gnoll shouts!
The gnoll barely misses you.
You scratch the gnoll.
The gnoll is lightly wounded.
The gnoll hits you with a +0 whip!
Ouch! That really hurt!
You are too injured to fight recklessly!
You are too injured to fight recklessly!
You are too injured to fight recklessly!
You are too injured to fight recklessly!
You are too injured to fight recklessly!
You are too injured to fight recklessly!
Okay, then.
You completely miss the gnoll.
The gnoll is lightly wounded.
The gnoll barely misses you.
You scratch the gnoll.
The gnoll is moderately wounded.
The gnoll hits you with a +0 whip.
You barely miss the gnoll.
The gnoll is moderately wounded.
The gnoll hits you with a +0 whip!
You die...

#.##.)# #.##.#
#.##.#####.##.#
####..........##.###
..............##...#
.######.####.#####.#
.# #.......#.# #.#
## #.......#.# #.#
#.......#.#####.#
#.......#....@g.#
#.......#######.#
#.......# #.#
#.......# #.#
######.## #.# #.#
#.# ..#


You could see a gnoll.

Vanquished Creatures
  2 goblins (D:1)
  A bat (D:1)
3 creatures vanquished.

Notes
Turn   | Place    | Note
-------+----------+-------------------------------------------
     0 | D:1      | NeededCrab the Ghoul Monk began the quest for the Orb.
     0 | D:1      | Reached XP level 1. HP: 19/19 MP: 0/0
   165 | D:1      | Slain by a gnoll

Illustrated notes

Levels and vault maps discovered:
D:1:      dpeg_arrival_boxes_within_box, layout_loops_ring

Action                   || total
-------------------------++-------
Melee: Unarmed           ||    14
 Stab: Sleeping          ||     1
Armor: Robe              ||     4
Dodge: Dodged            ||     5

Table legend: (Time is in decaauts)
 A = Elapsed time spent in this place.
 B = Non-inter-level travel time spent in this place.
 C = Inter-level travel time spent in this place.
 D = Time resting spent in this place.
 E = Time spent auto-exploring this place.
 F = Levels seen in this place.
 G = Mean time per level.
                   A        B        C        D        E       F      G
               +--------+--------+--------+--------+--------+-----+--------+
         Total |    164 |    164 |      0 |      0 |    133 |   1 |  164.0 |
       Dungeon |    164 |    164 |      0 |      0 |    133 |   1 |  164.0 |
               +--------+--------+--------+--------+--------+-----+--------+

Top non-repeatable levels by time:
     D:1: 164 daAuts
